 Dungeon Crawl Stone Soup version 0.27-a0-1291-geefcff550b (webtiles) character file.

Game seed: 12249108502341620062

63 grindst0ne the Skirmisher (level 3, -6/32 HPs)
             Began as a Palentonga Fighter on June 15, 2021.
             Succumbed to an adder's poison
             ... on level 2 of the Dungeon.
             The game lasted 00:01:55 (1002 turns).

grindst0ne the Skirmisher (Palentonga Fighter)      Turns: 1002, Time: 00:01:56

Health: -6/32      AC:  6    Str: 19    XL:     3   Next: 87%
Magic:  3/3        EV:  5    Int:  9    God:
Gold:   60         SH:  8    Dex:  9    Spells: 2/2 levels left

rFire    . . .     SeeInvis +   a - +0 war axe
rCold    . . .     Faith    .   c - +0 kite shield
rNeg     . . .     Spirit   .   b - +0 scale mail
rPois    .         Reflect  .   (no helmet)
rElec    .         Harm     .   (no cloak)
rCorr    .         Rampage  .   (no gloves)
Will     .....                  (no barding)
Stlth    ..........             (no amulet)
HPRegen  0.10/turn              (no ring)
MPRegen  0.08/turn              (no ring)

@: lethally poisoned (-6 -> -29)
A: large, rugged brown scales 3, see invisible, deformed body, roll 1, armoured
tail
a: Rolling Charge


You were on level 2 of the Dungeon.
You visited 1 branch of the dungeon, and saw 2 of its levels.

You collected 60 gold pieces.

Inventory:

Hand Weapons
 a - a +0 war axe (weapon)
Armour
 b - a +0 scale mail (worn)
 c - a +0 kite shield (worn)
Jewellery
 h - a ring of positive energy
Scrolls
 j - 2 scrolls of identify {unknown}
Potions
 d - a potion of might
 e - 2 potions of lignification {unknown}
 f - a potion of degeneration {unknown}
 g - a potion of ambrosia {unknown}
 i - a potion of cancellation {unknown}


   Skills:
 + Level 3.7 Fighting
 + Level 2.9 Axes
 - Level 2.4 Armour
 + Level 3.0 Shields


You had 2 spell levels left.
You didn't know any spells.
Your spell library was empty.

Dungeon Overview and Level Annotations

Branches:
Dungeon (2/15)

Altars:


Innate Abilities, Weirdness & Mutations

You are completely covered in rugged brown scales. (AC +3, +7% HP)
You have supernaturally acute eyesight. (SInv)
Armour fits poorly on your strangely shaped body.
You can roll at nearby foes to attack.
You have a long armoured tail.


Message History

Items here: ) [ ††.
Okay, then.
HP restored.
j - 2 scrolls labelled KOTZIMP WILUY
Found a scale mail.
An endoplasm comes into view.
The endoplasm quivers.
You see here 13 gold pieces.
You now have 60 gold pieces (gained 13).
You hit the endoplasm. You tail-slap the endoplasm.
You kill the endoplasm!
Found a stone staircase leading up.
Found a stone staircase leading down and a stone staircase leading up.
An adder comes into view.
The adder hisses angrily.
The adder bites you. The adder bites you but does no damage.
You closely miss the adder. The adder bites you.
You are poisoned.
The adder poisons you! The adder bites you.
You are more poisoned.
The adder poisons you!
You miss the adder.
Your tail-slap misses the adder.
You feel very sick. The adder barely misses you. x2
You closely miss the adder.
Your tail-slap misses the adder.
You feel very sick. The adder bites you.
You are lethally poisoned!
The adder poisons you! The adder bites you.
You are more poisoned.
The adder poisons you!
You miss the adder.
Your tail-slap misses the adder.
* * * LOW HITPOINT WARNING * * *
You feel very sick. The adder barely misses you. The adder bites you.
* * * LOW HITPOINT WARNING * * *
You are more poisoned.
The adder poisons you!
You closely miss the adder.
You die...

#.# #.# #.# #... #.# #.#
#.##..... #####.####.#
#.#...... #.......##.#
#........
#<......##.####.#......
#.#..............#.....
#.#.....<.............#
#......>...####.S###.#.#
#.###...........@.......
#.# #...#.#..........#..
#.# #..##...###..###.#
#.###...##### #..# ..
........# #..# #.
..####..# #... ........#
#.#. ######.## #. .


You could see an adder.

Vanquished Creatures
  Terence (D:2)
  A dart slug (D:1)
  3 bats (D:1)
  3 endoplasms
  4 goblins (D:1)
  3 hobgoblins (D:1)
  2 jackals (D:1)
  3 kobolds (D:1)
  A quokka (D:1)
  6 ball pythons
  3 frilled lizards (D:1)
  5 rats (D:1)
35 creatures vanquished.

Notes
Turn   | Place    | Note
-------+----------+-------------------------------------------
     0 | D:1      | grindst0ne the Palentonga Fighter began the quest for the
                  | Orb.
     0 | D:1      | Reached XP level 1. HP: 19/19 MP: 1/1
    91 | D:1      | Reached XP level 2. HP: 20/25 MP: 2/2
   269 | D:1      | Found a faded altar of an unknown god.
   445 | D:1      | Reached XP level 3. HP: 31/31 MP: 3/3
   901 | D:2      | Noticed Terence
   906 | D:2      | Killed Terence
  1002 | D:2      | Succumbed to an adder's poison

Illustrated notes

Levels and vault maps discovered:
D:1:      dpeg_arrival_connections, layout_loops_ring,
          ebering_ecumenical_altar_rust
D:2:      minmay_door_path, layout_loops_ring, minmay_misc_feat_cross,
          uniq_terence

Skill      XL: |  1  2  3 |
---------------+----------+-----
Shields        | 3 |  3.0
Fighting       | |  3.7
Axes           | |  2.9
Armour         | |  2.4

Action                   || total
-------------------------++-------
Melee: War axe           ||    82
       Tailslap          ||     6
 Abil: Rolling Charge    ||     1
Armor: Scale mail        ||    52
Dodge: Dodged            ||    14
Block: Kite shield       ||    30

Table legend: (Time is in decaauts)
 A = Elapsed time spent in this place.
 B = Non-inter-level travel time spent in this place.
 C = Inter-level travel time spent in this place.
 D = Time resting spent in this place.
 E = Time spent auto-exploring this place.
 F = Levels seen in this place.
 G = Mean time per level.
                   A        B        C        D        E       F      G
               +--------+--------+--------+--------+--------+-----+--------+
         Total |   1050 |   1013 |     37 |      0 |    764 |   2 |  525.0 |
       Dungeon |   1050 |   1013 |     37 |      0 |    764 |   2 |  525.0 |
               +--------+--------+--------+--------+--------+-----+--------+

Top non-repeatable levels by time:
     D:1: 944 daAuts
     D:2: 105 daAuts
